 Dungeon Crawl Stone Soup version 0.30-a0-779-g7971cf19c3 (webtiles) character file.

Game seed: 9804959341819106295

3267 Dittersdorf the Protected (level 10, -1/64 HPs)
             Began as a Gargoyle Fighter on Feb 17, 2023.
             Was a Believer of Okawaru.
             Slain by a troll (2 damage)
             ... on level 6 of the Dungeon.
             The game lasted 00:08:19 (6369 turns).

Dittersdorf the Protected (Gargoyle Fighter)        Turns: 6369, Time: 00:08:20

Health: -1/64      AC: 23    Str: 24    XL:     10   Next: 0%
Magic:  10/10      EV:  7    Int:  9    God:    Okawaru [**....]
Gold:   375        SH:  6    Dex:  9    Spells: 9/9 levels left

rFire   . . .      SeeInvis +    g - +0 morningstar
rCold   + . .      Faith    .    c - +1 buckler
rNeg    + . .      Spirit   .    f - +0 plate armour
rPois   ∞          Reflect  .    a - +0 helmet
rElec   +          Harm     .    (no cloak)
rCorr   .          Rampage  .    (no gloves)
Will    .....                    p - +0 pair of boots Stlth
                                 j - amulet of the acrobat
HPRegen 0.30/turn                i - ring of protection from cold
MPRegen 0.12/turn                m - ring of see invisible

@: studying Hexes
A: sickness immunity, AC +7, negative energy resistance 1, electricity
resistance, torment resistance 1, petrification resistance
a: Renounce Religion, Heroism


You were on level 6 of the Dungeon.
You worshipped Okawaru.
Okawaru was pleased with you.
You visited 2 branches of the dungeon, and saw 7 of its levels.
You also visited: Sewer.

You collected 375 gold pieces.

Inventory:

Hand Weapons
 g - a +0 morningstar (weapon)
Missiles
 t - 4 poisoned darts (quivered)
Armour
 a - a +0 helmet (worn)
 c - a +1 buckler (worn)
 f - a +0 plate armour (worn)
 p - a +0 pair of boots (worn)
Jewellery
 i - a ring of protection from cold (left hand)
 j - an amulet of the acrobat (around neck)
 m - a ring of see invisible (right hand)
Wands
 r - a wand of flame (19)
Scrolls
 b - a scroll of torment {unknown}
 l - 2 scrolls of enchant weapon
 q - 3 scrolls of teleportation
Potions
 d - 2 potions of might
 e - a potion of heal wounds {unknown}
 h - 2 potions of magic {unknown}
 k - 2 potions of brilliance {unknown}
 n - 3 potions of curing
 o - a potion of resistance {unknown}
 s - 4 potions of attraction {unknown}
 u - 5 potions of cancellation {unknown}


   Skills:
 + Level 8.2 Fighting
 + Level 7.1 Maces & Flails
 + Level 8.2 Armour
 + Level 8.2 Shields


You had 9 spell levels left.
You didn't know any spells.
Your spell library contained the following spells:

 Spells                   Type           Power      Damage    Failure   Level
 Blink                    Tloc           0%         N/A       100%        2
 Ensorcelled Hibernation  Hex/Ice        0%         N/A       100%        2
 Lesser Beckoning         Tloc           0%         N/A       100%        2
 Momentum Strike          Conj/Tloc      0%         3d8       100%        2
 Passwall                 Tmut/Erth      0%         N/A       100%        2
 Wereblood                Tmut           0%         N/A       100%        2
 Gell's Gravitas          Tloc           0%         N/A       100%        3
 Swiftness                Air            0%         N/A       100%        3
 Teleport Other           Tloc           0%         N/A       100%        3
 Dispersal                Tloc           0%         N/A       100%        6
 Chain Lightning          Conj/Air       0%         N/A       100%        9
 Fire Storm               Conj/Fire      0%         5d1       100%        9
 Shatter                  Erth           0%         3d5*      100%        9
 Sublimation of Blood     Necr           Unusable   N/A       N/A         2
 Summon Hydra             Summ           Unusable   N/A       N/A         7

Dungeon Overview and Level Annotations

Branches:
Dungeon (6/15)             Temple (1/1) D:4           Sewer (visited)

Altars:
Ashenzari
Cheibriados
Dithmenos
Elyvilon
Fedhas
Gozag
Hepliaklqana
Kikubaaqudgha
Makhleb
Nemelex Xobeh
Okawaru
Qazlal
Sif Muna
Trog
Uskayaw
Vehumet
Xom
Yredelemnul
Zin
The Shining One

Annotations:
D:6 Prince Ribbit


Innate Abilities, Weirdness & Mutations

You are immune to sickness and miasma.
Your stone body is resilient. (AC +7)
You are immune to poison.
You resist negative energy. (rN+)
You are resistant to electric shocks. (rElec)
You are resistant to unholy torment.
You are immune to petrification.


Message History

The troll closely misses you. The troll barely misses you.
The troll claws you but does no damage. Prince Ribbit hits you!
You closely miss the troll.
The troll is moderately wounded.
Prince Ribbit blinks!
You block the troll's attack. The troll claws you but does no damage.
The troll claws you.
* * * LOW HITPOINT WARNING * * *
You puncture the troll!
The troll is moderately wounded.
The troll bites you!
* * * LOW HITPOINT WARNING * * *
The troll barely misses you. The troll claws you but does no damage.
You barely miss the troll.
The troll is moderately wounded.
You block the troll's attack. The troll barely misses you.
The troll completely misses you. You block the troll's attack. x2
The troll barely misses you.
You puncture the troll!
The troll is severely wounded.
Prince Ribbit blinks!
You block the troll's attack. The troll claws you.
* * * LOW HITPOINT WARNING * * *
The troll claws you but does no damage.
You feel better. The troll barely misses you. The troll closely misses you.
The troll claws you.
* * * LOW HITPOINT WARNING * * *
You feel better.
Prince Ribbit blinks!
You block the troll's attack. The troll barely misses you.
The troll claws you but does no damage.
You feel better. You block the troll's attack. The troll claws you!
The troll claws you but does no damage.
You barely miss Prince Ribbit. Prince Ribbit hits you!
* * * LOW HITPOINT WARNING * * *
Prince Ribbit blinks!
The troll closely misses you. The troll claws you.
* * * LOW HITPOINT WARNING * * *
The troll claws you but does no damage.
You sock the troll!
The troll is almost dead.
The troll bites you.
* * * LOW HITPOINT WARNING * * *
The troll claws you but does no damage. The troll claws you.
You die...

### ..# #..
#.#
....####.# #
.....##.#
#.#..#.##T#
#.#..#.##@#
#....#.##§#
##.......#
####...#.####
'........#
####...#.#
##.##.# ##
#.# #.#


You could see a troll.

Vanquished Creatures
  A two-headed ogre (D:6)
  Pikel (D:4)
  Menkaure (D:4)
  5 water moccasins
  A black bear (D:5)
  2 sky beasts
  A centaur (D:6)
  A phantom (D:4)
  A lemure (D:4)
  7 scorpions
  An orc priest (D:6)
  3 jellies
  7 hounds
  4 iguanas
  A scorpion zombie (D:3)
  3 orc wizards (D:6)
  A hound zombie (D:3)
  4 gnolls (D:4)
  6 adders
  A river rat (Sewer)
  3 worms
  5 dart slugs
  13 orcs
  11 ball pythons
  8 bats
  11 endoplasms
  3 giant cockroaches
  7 goblins
  4 hobgoblins
  10 jackals
  11 kobolds
  6 quokkas
  9 frilled lizards
  A giant cockroach zombie (D:3)
  8 rats
  A spectral orc (D:5)
163 creatures vanquished.

Notes
Turn   | Place    | Note
-------+----------+-------------------------------------------
     0 | D:1      | Dittersdorf the Gargoyle Fighter began the quest for the
                  | Orb.
     0 | D:1      | Reached XP level 1. HP: 14/14 MP: 1/1
    79 | D:1      | Reached XP level 2. HP: 19/19 MP: 2/2
   345 | D:1      | Reached XP level 3. HP: 23/23 MP: 3/3
  1027 | D:2      | Reached XP level 4. HP: 27/29 MP: 4/4
  1042 | D:2      | Found a faded altar of an unknown god.
  2202 | D:3      | Identified the +6 dagger "Giantbane" {pain, MP+9 SInv
                  | Stlth+}
  2241 | D:3      | Reached XP level 5. HP: 33/33 MP: 5/5
  2332 | D:3      | Found a basalt altar of Yredelemnul.
  2459 | D:3      | Found a shimmering altar of Xom.
  2459 | D:3      | Found a radiant altar of Vehumet.
  2614 | D:4      | Identified a scroll of acquirement
  2614 | D:4      | Acquired a ring of see invisible
  2699 | D:4      | Noticed a phantom
  2706 | D:4      | Killed a phantom
  2707 | D:4      | Reached XP level 6. HP: 35/39 MP: 6/6
  2789 | D:4      | Found a staircase to the Ecumenical Temple.
  2808 | Temple   | Entered the Ecumenical Temple
  2894 | D:4      | Found a glowing drain.
  2898 | Sewer    | Entered a sewer
  3307 | D:4      | Reached skill level 5 in Fighting
  3307 | D:4      | Reached skill level 5 in Armour
  3307 | D:4      | Reached skill level 5 in Shields
  3307 | D:4      | Reached XP level 7. HP: 33/44 MP: 7/7
  3317 | D:4      | Noticed Menkaure
  3319 | D:4      | Found an ancient bone altar of Kikubaaqudgha.
  3337 | D:4      | Killed Menkaure
  3463 | D:4      | Found a bloodstained altar of Trog.
  3622 | D:4      | Noticed Pikel
  3651 | D:4      | Killed Pikel
  3652 | D:4      | Reached skill level 5 in Maces & Flails
  3652 | D:4      | Reached XP level 8. HP: 6/51 MP: 8/8
  3818 | D:4      | Noticed a +0 dagger
  3818 | D:4      | Noticed a +0 dagger
  3820 | D:4      | Found a hide-covered altar of Uskayaw.
  4343 | D:5      | Entered Level 5 of the Dungeon
  5117 | D:5      | Reached XP level 9. HP: 42/56 MP: 9/9
  5330 | D:5      | Found a hazy altar of Hepliaklqana.
  5486 | D:6      | Found an iron altar of Okawaru.
  5495 | D:6      | Became a worshipper of Warmaster Okawaru
  5781 | D:6      | Noticed a two-headed ogre
  5808 | D:6      | Killed a two-headed ogre
  5808 | D:6      | Reached * piety under Okawaru
  5813 | D:6      | Reached ** piety under Okawaru
  6346 | D:6      | Noticed Prince Ribbit
  6350 | D:6      | Noticed a troll
  6359 | D:6      | Reached XP level 10. HP: 32/64 MP: 10/10
  6364 | D:6      | HP: 3/64 [troll (4)]
  6369 | D:6      | HP: 1/64 [troll (5)]
  6369 | D:6      | Slain by a troll

Illustrated notes

Levels and vault maps discovered:
D:1:      moated_graveyard_arrival, layout_loops_cross
D:2:      layout_basic, ebering_ecumenical_altar_box,
          minmay_randomly_rotated_circles
D:3:      layout_rooms, nicolae_yredelemnul_corpse_copse,
          gammafunk_temple_overflow_elements
D:4:      layout_basic, dancing_weapons_uskayaw, kennysheep_little_box,
          mainiacjoe_overflow_brackets, minmay_temple_entry_statues_fountains,
          gup_sewer_entry_bowl, uniq_menkaure, uniq_pikel
D:5:      layout_loops_corners, nicolae_hepliaklqana_monster_ancestors
D:6:      layout_loops_corners, mainiacjoe_overflow_cross_hatched,
          minmay_manual_mandibuliform, uniq_prince_ribbit1
Temple:   nicolae_temple_hex_pool

Skill      XL: |  1  2  3  4  5  6  7  8  9 |
---------------+----------------------------+-----
Fighting       | 4 5 6 8 |  8.2
Armour         | 4 5 6 8 |  8.2
Shields        | 4 5 6 8 |  8.2
Maces & Flails | 3 4 5 7 |  7.1

Action                     |  1- 3 |  4- 6 |  7- 9 | 10-12 || total
---------------------------+-------+-------+-------+-------++-------
  Melee: Flail             |   129 |   188 |       |       ||   317
         Morningstar       |       |    74 |   265 |     8 ||   347
  Throw: Dart              |       |       |     4 |       ||     4
    Use: Scroll            |       |    10 |     2 |       ||    12
         Potion            |       |       |     1 |     3 ||     4
 Armour: Scale mail        |    74 |   149 |    69 |       ||   292
         Plate armour      |       |       |   102 |    11 ||   113
  Dodge: Dodged            |    71 |   154 |    95 |    10 ||   330
  Block: Buckler           |    31 |    61 |    97 |     7 ||   196

Table legend: (Time is in decaauts)
 A = Elapsed time spent in this place.
 B = Non-inter-level travel time spent in this place.
 C = Inter-level travel time spent in this place.
 D = Time resting spent in this place.
 E = Time spent auto-exploring this place.
 F = Levels seen in this place.
 G = Mean time per level.
                   A        B        C        D        E       F      G
               +--------+--------+--------+--------+--------+-----+--------+
         Total |   6609 |   6421 |    188 |    545 |   4196 |   8 |  826.1 |
       Dungeon |   6135 |   5947 |    188 |    545 |   3934 |   6 | 1022.5 |
        Temple |     60 |     60 |      0 |      0 |      0 |   1 |   60.0 |
         Sewer |    413 |    413 |      0 |      0 |    261 |   1 |  413.0 |
               +--------+--------+--------+--------+--------+-----+--------+

Top non-repeatable levels by time:
     D:4: 1360 daAuts
     D:2: 1293 daAuts
     D:5: 1050 daAuts
     D:6: 1014 daAuts
     D:1: 903 daAuts
     D:3: 513 daAuts
   Sewer: 413 daAuts
  Temple: 60 daAuts
